 Dungeon Crawl Stone Soup version 0.29-a0-1006-g0dd7720b37 (webtiles) character file.

Game seed: 6392217181372735237

19 concernfroge the Trooper (level 2, -2/25 HPs)
             Began as a Mummy Monk on Aug 7, 2022.
             Slain by a gnoll
             ... wielding a +0 halberd
              (9 damage)
             ... on level 2 of the Dungeon.
             The game lasted 00:01:57 (1369 turns).

concernfroge the Trooper (Mummy Monk)               Turns: 1369, Time: 00:01:58

Health: -2/25      AC:  6    Str: 14    XL:     2   Next: 55%
Magic:  2/2        EV: 11    Int:  9    God:
Gold:   90         SH:  0    Dex: 20    Spells: 1/1 levels left

rFire   x . .      SeeInvis .   a - +0 spear
rCold   + . .      Faith    .   (no shield)
rNeg    + + +      Spirit   .   i - +0 ring mail
rPois   ∞          Reflect  .   (no helmet)
rElec   .          Harm     .   f - +0 cloak
rCorr   .          Rampage  .   (no gloves)
Will    .....                   (no boots)
Stlth   ++........              (no amulet)
HPRegen 0.08/turn               e - +6 ring of dexterity
MPRegen 0.08/turn               g - ring of flight

@: flying
A: cold resistance 1, negative energy resistance 3, torment resistance 2, heat
vulnerability 1, no potions
a: no special abilities


You were on level 2 of the Dungeon.
You visited 1 branch of the dungeon, and saw 2 of its levels.

You collected 90 gold pieces.

Inventory:

Hand Weapons
 a - a +0 spear (weapon)
Armour
 f - a +0 cloak (worn)
 i - a +0 ring mail (worn)
Jewellery
 e - a +6 ring of dexterity (left hand)
 g - a ring of flight (right hand)
Scrolls
 c - 4 scrolls of identify


   Skills:
 + Level 3.9 Fighting
 - Level 2.4 Polearms
 - Level 2.4 Dodging
 - Level 1.5 Stealth


You had one spell level left.
You didn't know any spells.
Your spell library contained the following spells:

 Spells                   Type           Power      Damage    Failure   Level
 Ensorcelled Hibernation  Hex/Ice        0%         N/A       77%         2
 Passwall                 Tmut/Erth      0%         N/A       77%         2
 Dazzling Flash           Conj/Hex       0%         N/A       94%         3
 Swiftness                Air            0%         N/A       94%         3
 Iskenderun's Mystic Bla  Conj/Tloc      0%         2d3       100%        4
 Starburst                Conj/Fire      0%         6d3       100%        6
 Summon Hydra             Summ           0%         N/A       100%        7
 Sublimation of Blood     Necr           Unusable   N/A       N/A         2
 Wereblood                Tmut           Unusable   N/A       N/A         2

Dungeon Overview and Level Annotations

Branches:
Dungeon (2/15)

Altars:


Innate Abilities, Weirdness & Mutations

You are immune to poison.
Your flesh is cold resistant. (rC+)
You are immune to negative energy. (rN+++)
You are immune to unholy pain and torment.
You are vulnerable to heat. (rF-)
You do not drink.


Message History

You hit the jackal but do no damage. The jackal misses you.
The gnoll hits you from afar with a +0 halberd.
The jackal barely misses you.
You hit the jackal but do no damage. The jackal closely misses you.
The gnoll closely misses you.
You hit the jackal.
The jackal is heavily wounded.
The jackal closely misses you. The gnoll barely misses you.
You hit the jackal.
You kill the jackal!
The gnoll closely misses you. The jackal barely misses you.
You hit the jackal but do no damage. The jackal misses you.
The gnoll hits you from afar with a +0 halberd.
You closely miss the jackal.
The jackal bites you but does no damage.
The gnoll hits you from afar with a +0 halberd!
The jackal barely misses you.
You are too injured to fight recklessly!
You are too injured to fight recklessly!
You are too injured to fight recklessly!
As you read the scroll labelled JEUROY PEFEOME, it crumbles to dust.
You feel aware of your surroundings.
It was a scroll of magic mapping.
The jackal barely misses you. The gnoll closely misses you.
The jackal attacks as you move away!
The jackal bites you but does no damage.
As you read the scroll labelled WOPETASMAOBB, it crumbles to dust.
It is a scroll of amnesia.
You feel forgetful for a moment. The jackal misses you.
The gnoll closely misses you. The jackal bites you.
* * * LOW HITPOINT WARNING * * *
As you read the scroll labelled UMIZIUB ERA, it crumbles to dust.
The creatures around you are filled with an inner flame!
It was a scroll of immolation.
The jackal closely misses you. The gnoll barely misses you.
As you read the scroll labelled YMOPEODAME, it crumbles to dust.
It is a scroll of identify.
You don't have any unidentified items.
The jackal bites you but does no damage.
The gnoll hits you from afar with a +0 halberd!
You die...

#### ****#..#
*^*,#..#
#+#+#P.##
#...gh..#
#...#P@.#
#####
#..,#...#
#...#
######...#
#...#
#........#
#...#
#.......##
###...#
#.......#
##.....#
###..####
...#..(#
##..##
..##...###..##


You could see a gnoll (inner flame) and a jackal (inner flame).

Vanquished Creatures
  A dart slug (D:2)
  A bat (D:1)
  An endoplasm (D:2)
  A giant cockroach (D:2)
  A goblin (D:1)
  A hobgoblin (D:2)
  A jackal (D:2)
  A quokka (D:2)
  2 ball pythons
  4 frilled lizards
  3 kobolds
  A rat (D:1)
18 creatures vanquished.

Notes
Turn   | Place    | Note
-------+----------+-------------------------------------------
     0 | D:1      | concernfroge the Mummy Monk began the quest for the Orb.
     0 | D:1      | Reached XP level 1. HP: 18/18 MP: 1/1
   577 | D:1      | Found a faded altar of an unknown god.
   993 | D:2      | Reached XP level 2. HP: 24/24 MP: 2/2
  1369 | D:2      | Slain by a gnoll

Illustrated notes

Levels and vault maps discovered:
D:1:      erik_arrival_triangle_large, layout_basic,
          shapermc_ecumenical_altar_mp_urbaneastern, minmay_misc_feat_enclosed,
          minmay_misc_feat_rows, chequers_garden
D:2:      layout_rooms, cheibrodos_gnoll_hut

Action                   || total
-------------------------++-------
Melee: Spear             ||    71
       Punch             ||     1
  Use: Scroll            ||     4
 Stab: Sleeping          ||     6
Armor: Robe              ||     4
       Ring mail         ||    13
Dodge: Dodged            ||    45

Table legend: (Time is in decaauts)
 A = Elapsed time spent in this place.
 B = Non-inter-level travel time spent in this place.
 C = Inter-level travel time spent in this place.
 D = Time resting spent in this place.
 E = Time spent auto-exploring this place.
 F = Levels seen in this place.
 G = Mean time per level.
                   A        B        C        D        E       F      G
               +--------+--------+--------+--------+--------+-----+--------+
         Total |   1366 |   1273 |     93 |      0 |   1097 |   2 |  683.0 |
       Dungeon |   1366 |   1273 |     93 |      0 |   1097 |   2 |  683.0 |
               +--------+--------+--------+--------+--------+-----+--------+

Top non-repeatable levels by time:
     D:1: 982 daAuts
     D:2: 384 daAuts
